 Dungeon Crawl Stone Soup version 0.27.0-1-g7a089689b8 (webtiles) character file.

Game seed: 4044842799631662338

2159 RepHenryClay the Grappler (level 9, -1/73 (76) HPs)
             Began as a Troll Gladiator on Aug 4, 2021.
             Was an Initiate of Qazlal.
             Slain by an orc priest (5 damage)
             ... on level 7 of the Dungeon.
             The game lasted 00:06:09 (4524 turns).

RepHenryClay the Grappler (Troll Gladiator)         Turns: 4524, Time: 00:06:10

HP:   -1/73 (76)    AC:  4    Str: 24    XL:     9   Next: 10%
MP:   8/8           EV: 13    Int:  4    God:    Qazlal [......]
Gold: 320           SH:  0    Dex: 14    Spells: 8/8 levels left

rFire    . . .     SeeInvis .     - Unarmed
rCold    . . .     Faith    .   (no shield)
rNeg     . . .     Spirit   .   a - +0 robe
rPois    .         Reflect  .   b - +0 hat
rElec    .         Harm     .   (no cloak)
rCorr    .         Rampage  .   (gloves unavailable)
Will     .....                  (boots unavailable)
Stlth    +.........             (no amulet)
HPRegen  1.22/turn              (no ring)
MPRegen  0.11/turn              (no ring)

@: lightly drained
A: large, unfitting armour, claws 3, regeneration 1, shaggy fur 1, tough skin 1
a: Renounce Religion


You were on level 7 of the Dungeon.
You worshipped Qazlal.
Qazlal was noncommittal.
You visited 2 branches of the dungeon, and saw 8 of its levels.

You collected 320 gold pieces.

Inventory:

Missiles
 c - 2 throwing nets (quivered)
Armour
 a - a +0 robe (worn)
 b - a +0 hat (worn)
Jewellery
 r - an amulet of faith
Wands
 l - a wand of charming (7)
 q - a wand of acid (10)
 s - a wand of paralysis (7)
 u - a wand of digging (6)
Scrolls
 e - 2 scrolls of magic mapping {unknown}
 f - 4 scrolls of identify {unknown}
 h - a scroll of fog {unknown}
 j - a scroll of torment {unknown}
 n - a scroll of summoning {unknown}
 p - a scroll of teleportation {unknown}
 t - a scroll of fear {unknown}
 v - a scroll of holy word {unknown}
 w - 2 scrolls of amnesia {unknown}
 x - a scroll of enchant armour {unknown}
Potions
 d - 2 potions of degeneration
 g - a potion of invisibility {unknown}
 i - a potion of attraction {unknown}
 k - 4 potions of curing
 m - 2 potions of might {unknown}
 o - a potion of brilliance


   Skills:
 - Level 1.5 Fighting
 - Level 1.7 Throwing
 + Level 7.6 Dodging
 + Level 9.1 Unarmed Combat


You had 8 spell levels left.
You didn't know any spells.
Your spell library contained the following spells:

 Spells                   Type           Power      Damage    Failure   Level
 Slow                     Hex            0%         N/A       65%         2
 Confusing Touch          Hex            0%         N/A       86%         3
 Ignite Poison            Fire/Tmut/Pois 0%         N/A       86%         3
 Mephitic Cloud           Conj/Pois/Air  0%         N/A       86%         3
 Bolt of Magma            Conj/Fire/Erth 0%         4d4       100%        5
 Yara's Violent Unravell  Hex/Tmut       0%         3d3       100%        5


Dungeon Overview and Level Annotations

Branches:
Dungeon (7/15)             Temple (1/1) D:6

Altars:
Ashenzari
Cheibriados
Dithmenos
Elyvilon
Fedhas
Gozag
Hepliaklqana
Kikubaaqudgha
Makhleb
Nemelex Xobeh
Okawaru
Qazlal
Ru
Sif Muna
Trog
Uskayaw
Vehumet
Wu Jian
Xom
Yredelemnul
Zin
The Shining One

Shops:
D:2 (   D:4 (:   D:5 [   D:6 (


Innate Abilities, Weirdness & Mutations

You are too large for most types of armour.
You have claws for hands.
Your natural rate of healing is unusually fast.
You are covered in fur. (AC +1)
You have tough skin. (AC +1)


Message History

You closely miss the orc. The wight hits you with a +0 spear.
You feel drained. The orc completely misses you.
Unknown command.
Okay, then.
You scratch the orc.
The orc is almost dead.
The orc wizard barely misses you. The wight closely misses you.
The orc priest hits you but does no damage.
The orc hits you but does no damage.
The orc wizard mumbles some strange words.
The orc wizard flickers and vanishes!
Deactivating autopickup; reactivate with Ctrl-A.
You closely miss the orc.
The orc is almost dead.
The orc wizard hits you with a +1 dagger of venom.
You are poisoned.
The wight misses you.
The orc priest hits you but does no damage.
The orc barely misses you.
You claw the orc!
You kill the orc!
Qazlal accepts your kill.
You feel sick. The wight completely misses you. The gnoll sergeant misses you.
Unknown command.
You scratch the orc wizard.
The orc wizard is moderately wounded.
You feel sick.
The orc priest mumbles some strange prayers to Beogh against you.
Beogh smites you!
The orc wizard hits you with a +1 dagger of venom.
* * * LOW HITPOINT WARNING * * *
The wight hits you with a +0 spear.
* * * LOW HITPOINT WARNING * * *
You feel better.
The gnoll sergeant hits you from afar with a +2 spear of flaming!
* * * LOW HITPOINT WARNING * * *
The gnoll sergeant burns you.
* * * LOW HITPOINT WARNING * * *
The orc priest hits you with a +0 dagger.
You die...

.....( ...... ....# .....
.....# # #... #....#
..##...########....#
........#..........#
.........o)#..........#
.......gz@o..........#
.........#.)........#
........#..........# #.
#.#######....###...#
##..##.##..)#########...#
.........).<............#
............)...........#
........................#
+#####....####.....##...#


You could see a gnoll sergeant, a wight, an orc priest and an orc wizard.

Vanquished Creatures
  Grinder (D:5)
  A wyvern (D:7)
  3 water moccasins
  2 black bears
  3 ogres
  A necrophage (D:5)
  A phantom (D:6)
  3 scorpions
  2 wights (D:7)
  A howler monkey (D:4)
  A bullfrog zombie (D:5)
  A hound (D:5)
  A jelly (D:5)
  Jessica (D:2)
  Ijyb (D:3)
  4 iguanas
  6 orc wizards
  Robin (D:3)
  5 adders
  6 gnolls
  2 shadow imps
  A worm (D:2)
  2 dart slugs
  13 orcs
  7 ball pythons
  7 bats
  2 endoplasms
  2 giant cockroaches
  18 goblins
  5 hobgoblins
  7 kobolds
  3 quokkas
  4 frilled lizards
  5 rats
123 creatures vanquished.

Vanquished Creatures (others)
  2 fungi (D:1)
  A plant (D:1)
3 creatures vanquished.

Grand Total: 126 creatures vanquished

Notes
Turn   | Place    | Note
-------+----------+-------------------------------------------
     0 | D:1      | RepHenryClay the Troll Gladiator began the quest for the
                  | Orb.
     0 | D:1      | Reached XP level 1. HP: 19/19 MP: 0/0
    33 | D:1      | Found a faded altar of an unknown god.
   114 | D:1      | Reached XP level 2. HP: 26/27 MP: 1/1
   811 | D:2      | Reached XP level 3. HP: 33/33 MP: 2/2
   830 | D:2      | Noticed Jessica
   833 | D:2      | Killed Jessica
   839 | D:2      | Reached skill level 4 in Unarmed Combat
  1012 | D:2      | Reached XP level 4. HP: 41/41 MP: 3/3
  1152 | D:2      | Found Ykuynuq's Antique Weapon Shoppe.
  1206 | D:3      | Noticed Ijyb
  1211 | D:3      | Killed Ijyb
  1241 | D:3      | Noticed Robin
  1293 | D:3      | Killed Robin
  1553 | D:3      | Reached XP level 5. HP: 40/48 MP: 4/4
  1889 | D:4      | Found Egestefi's Book Shop.
  1965 | D:4      | Found Miolui's Weapon Shop.
  1997 | D:4      | Reached skill level 5 in Unarmed Combat
  2026 | D:4      | Noticed an ogre
  2039 | D:4      | Killed an ogre
  2040 | D:4      | Reached XP level 6. HP: 40/55 MP: 5/5
  2779 | D:5      | Entered Level 5 of the Dungeon
  2780 | D:5      | Noticed a water moccasin
  2785 | D:5      | Reached skill level 5 in Dodging
  2785 | D:5      | Reached skill level 6 in Unarmed Combat
  2785 | D:5      | Reached XP level 7. HP: 61/62 MP: 6/6
  3084 | D:5      | Reached skill level 7 in Unarmed Combat
  3110 | D:5      | Reached XP level 8. HP: 52/70 MP: 7/7
  3144 | D:5      | Found Gicvic Ivot's Antique Armour Shop.
  3371 | D:5      | Found a shadowy altar of Dithmenos.
  3433 | D:6      | Noticed Grinder
  3446 | D:5      | Paralysed by Grinder for 7 turns
  3455 | D:5      | HP: 3/70 [Grinder (5)]
  3459 | D:5      | Paralysed by Grinder for 5 turns
  3472 | D:5      | Killed Grinder
  3604 | D:6      | Reached skill level 8 in Unarmed Combat
  3678 | D:6      | Found a staircase to the Ecumenical Temple.
  3692 | Temple   | Entered the Ecumenical Temple
  3814 | Temple   | Became a worshipper of Qazlal Stormbringer
  4184 | D:6      | Found Ojiso's Antique Weapon Shoppe.
  4506 | D:7      | Reached XP level 9. HP: 62/76 MP: 8/8
  4511 | D:7      | Reached skill level 9 in Unarmed Combat
  4524 | D:7      | Slain by an orc priest

Illustrated notes

Levels and vault maps discovered:
D:1:      minmay_arrival_five_plusses, layout_loops_corners,
          shapermc_ecumenical_altar_mp_urbaneastern
D:2:      layout_rooms, serial_shops, nicolae_shop_crystal, uniq_jessica
D:3:      layout_basic, uniq_robin, uniq_ijyb
D:4:      layout_basic, serial_shops, nicolae_lakefront_shop, shop,
          kennysheep_generic_room_4
D:5:      layout_cave_pools, lemuel_doored_altar, serial_shops,
          nicolae_shop_waterfront, chequers_arboretum
D:6:      layout_loops_cross, minmay_temple_entry_ruins, serial_shops, shop,
          uniq_grinder
D:7:      layout_gridville
Temple:   kilobyte_greek_temple

Skill      XL: |  1  2  3  4  5  6  7  8  9 |
---------------+----------------------------+-----
Dodging        | 3 4 5 6 7 |  7.6
Unarmed Combat | 4 5 6 7 8 9 |  9.1
Fighting       | |  1.5
Throwing       | |  1.7

Action                   |  1- 3 |  4- 6 |  7- 9 || total
-------------------------+-------+-------+-------++-------
Melee: Unarmed           |    84 |   119 |   168 ||   371
       Punch             |       |     3 |     9 ||    12
Throw: Throwing net      |       |       |     3 ||     3
  Use: Potion            |       |       |     7 ||     7
 Stab: Sleeping          |     1 |       |       ||     1
       Held in net/web   |       |       |     1 ||     1
Armor: Robe              |    28 |    33 |    53 ||   114
Dodge: Dodged            |    41 |    48 |   118 ||   207
